 Dungeon Sprint DCSS version 0.29-a0-723-gce39da1c22 (webtiles) character file.

Game seed: 7546245094432904810

723 Hipnos the Arsonist (level 7, -3/36 HPs)
             Began as a Deep Elf Fire Elementalist on June 28, 2022.
             Was an Initiate of Vehumet.
             Shot with a bolt by a yaktaur (17 damage)
             ... in the Dungeon (Sprint II: "The Violet Keep of Menkaure").
             The game lasted 00:08:15 (525 turns).

Hipnos the Arsonist (Deep Elf Fire Elementalist)     Turns: 525, Time: 00:08:16

Health: -3/36      AC:  4    Str:  5    XL:     7   Next: 43%
Magic:  20/23      EV: 14    Int: 22    God:    Vehumet [......]
Gold:   55         SH:  0    Dex: 15    Spells: 15/28 levels left

rFire   . . .      SeeInvis +   j - staff of air
rCold   . . .      Faith    .   (no shield)
rNeg    . . .      Spirit   .   h - +1 robe
rPois   .          Reflect  .   e - +0 helmet {SInv}
rElec   +          Harm     .   (no cloak)
rCorr   .          Rampage  .   (no gloves)
Will    +....      NoTele   +   (no boots)
Stlth   +++.......              (no amulet)
HPRegen 0.12/turn               i - ring of willpower
MPRegen 0.18/turn               (no ring)

@: no status effects
A: no striking features
a: Renounce Religion


You were in the Dungeon.
You worshipped Vehumet.
Vehumet was noncommittal.
You visited 1 branch You collected 729 gold pieces.
You spent 674 gold pieces at shops.

Inventory:

Hand Weapons
 b - a +2 trident of venom
Armour
 a - a +0 robe
 e - a +0 helmet of see invisible (worn)
 h - a +1 robe (worn)
Magical Staves
 j - a staff of air (weapon)
Jewellery
 i - a ring of willpower (left hand)
Scrolls
 g - a scroll of blinking
Potions
 f - a potion of berserk rage


   Skills:
 + Level 0.2 Fighting
 + Level 5.9 Dodging
 + Level 4.9 Stealth
 + Level 11.0 Spellcasting
 * Level 6.3 Conjurations
 + Level 13.1 Fire Magic


You had 15 spell levels left.
You knew the following spells:

 Your Spells              Type           Power      Damage    Failure   Level
a - Foxfire               Conj/Fire      100%       2x1d9     1%          1
b - Scorch                Fire           100%       2d10      1%          2
c - Conjure Flame         Conj/Fire      53%        6-21      1%          3
d - Inner Flame           Hex/Fire       40%        N/A       1%          3
e - Flame Wave            Conj/Fire      53%        2d11      1%          4

Your spell library contained the following spells:

 Spells                   Type           Power      Damage    Failure   Level


Dungeon Overview and Level Annotations

Branches:
Dungeon (1/1)

Altars:
Cheibriados
Dithmenos
Elyvilon
Fedhas
Gozag
Hepliaklqana
Kikubaaqudgha
Makhleb
Nemelex Xobeh
Okawaru
Qazlal
Ru
Sif Muna
Trog
Uskayaw
Vehumet
Wu Jian
Xom
Yredelemnul
Zin
The Shining One
Beogh
Jiyva
Lugonu

Shops:
D [(::=[?(***!=!*

Annotations:
D exclusion: oklob plant


Message History

A polar bear comes into view.
You close the door.
Found a leather armour, 19 stones, a robe and 7 gold pieces.
Found 17 gold pieces and a scroll labelled ETAWAPH BAITEA.
Found 3 stones.
There is a corrupted altar of Lugonu here.
There is a hide-covered altar of Uskayaw here.
There is a radiant altar of Vehumet here.
You kneel at the altar of Vehumet.
Vehumet welcomes you!
You start resting.
A yaktaur is nearby!
A yaktaur is nearby!
Casting: Flame Wave (dangerous; 1% risk of failure)
Confirm with . or Enter, or press ? or * to list all spells.
Okay, then.
You feel much better.
The yaktaur wields a +0 arbalest.
The yaktaur shoots a bolt.
The bolt barely misses you.
Casting: Flame Wave (dangerous; 1% risk of failure)
Confirm with . or Enter, or press ? or * to list all spells.
You conjure some foxfire!
Casting: Foxfire (safe; 1% risk of failure)
Confirm with . or Enter, or press ? or * to list all spells.
You conjure some foxfire!
The foxfire hits the yaktaur!
The yaktaur is lightly wounded.
Casting: Foxfire (safe; 1% risk of failure)
Confirm with . or Enter, or press ? or * to list all spells.
You conjure some foxfire!
The foxfire hits the yaktaur.
The yaktaur is moderately wounded.
The yaktaur shoots a bolt.
The bolt hits you!!
Ouch! That really hurt!
* * * LOW HITPOINT WARNING * * *
The foxfire hits the polar bear but does no damage.
The foxfire hits the polar bear.
The polar bear is lightly wounded.
You feel better.
The foxfire hits the polar bear but does no damage.
The polar bear is lightly wounded.
The yaktaur shoots a bolt.
The bolt hits you!
You die...

. ###≈≈.....≈#+########+#
B.#≈≈≈≈≈≈§..≈#....._..#≈§
.##≈≈≈§≈≈≈≈.≈#.c.._._.#≈§
##≈≈§§≈≈§§§≈≈#..h_._._#≈≈
≈≈≈≈≈≈≈§§≈≈≈≈#..v§_._.#≈≈
+++#≈§§≈§§§§§#.§§§._._#≈§
S≈ ##§§§###≈§#_§§§_._.#≈≈
≈S≈≈##§§# #§§#.§§§._._#≈≈
≈≈§≈≈+≈≈# #≈≈#_.@§_...#S§
≈≈≈≈## ≈≈≈§##########§≈
≈≈≈## #####≈≈≈≈≈≈≈≈≈≈§
#### ..###≈########≈▓
...##≈ ▓▓ ..°.+≈ ...##
..#


You could see a polar bear (ally target), a yaktaur and a water moccasin.

Vanquished Creatures
  A merfolk siren (D)
  Menkaure (D)
  4 scorpions (D)
  3 worms (D)
9 creatures vanquished.

Vanquished Creatures (others)
  A water moccasin (D)
  39 foxfires (D)
40 creatures vanquished.

Grand Total: 49 creatures vanquished

Notes
Turn   | Place    | Note
-------+----------+-------------------------------------------
     0 | D        | Hipnos the Deep Elf Fire Elementalist began the quest for
                  | the Orb.
     0 | D        | Reached XP level 1. HP: 10/10 MP: 6/6
     1 | D        | Noticed a boulder beetle
     1 | D        | Noticed a boulder beetle
     4 | D        | Noticed a merfolk siren
    34 | D        | Killed a merfolk siren
    35 | D        | Reached skill level 5 in Dodging
    35 | D        | Reached skill level 11 in Fire Magic
    35 | D        | Reached XP level 2. HP: 15/15 MP: 7/14
    35 | D        | Reached XP level 3. HP: 19/19 MP: 7/15
    35 | D        | Reached XP level 4. HP: 24/24 MP: 7/17
    35 | D        | Reached XP level 5. HP: 28/28 MP: 7/18
    35 | D        | Reached XP level 6. HP: 32/32 MP: 7/20
    71 | D        | Found Feygym's Distillery.
    71 | D        | Found Qiel's Distillery.
    71 | D        | Found Xeunnoe's Jewellery Emporium.
    71 | D        | Found Icviqoz's General Store.
    71 | D        | Found Buojeit's Assorted Antiques.
    76 | D        | Learned a level 2 spell: Scorch
    80 | D        | Learned a level 3 spell: Conjure Flame
    84 | D        | Learned a level 3 spell: Inner Flame
    89 | D        | Learned a level 4 spell: Flame Wave
    90 | D        | Killed a water moccasin
   128 | D        | Reached skill level 5 in Conjurations
   130 | D        | Reached skill level 10 in Spellcasting
   130 | D        | Reached skill level 12 in Fire Magic
   131 | D        | Reached XP level 7. HP: 26/36 MP: 9/22
   297 | D        | Noticed Menkaure
   301 | D        | Killed Menkaure
   302 | D        | Reached skill level 13 in Fire Magic
   357 | D        | Found Zoung's Assorted Antiques.
   361 | D        | Found Bepoohar's Antique Weapon Emporium.
   361 | D        | Found Weraggon's Assorted Antiques.
   362 | D        | Found Goulerel's Antique Armour Emporium.
   362 | D        | Found Zeeloggu's Magic Scroll Shoppe.
   366 | D        | Found Zuolad Wail's Jewellery Shoppe.
   366 | D        | Found Reudelem's Book Emporium.
   366 | D        | Noticed a great orb of eyes
   366 | D        | Noticed an oklob plant
   367 | D        | Found Kalof's Weapon Shoppe.
   367 | D        | Found Nylygh's Antique Armour Emporium.
   367 | D        | Found Roesaiso's Book Shoppe.
   368 | D        | Noticed a wyvern
   368 | D        | Noticed a wyvern
   368 | D        | Noticed a wyvern
   377 | D        | Noticed a slime creature
   379 | D        | Noticed a slime creature
   382 | D        | Noticed a slime creature
   403 | D        | Bought a shiny helmet for 172 gold pieces
   414 | D        | Bought a glowing robe for 111 gold pieces
   436 | D        | Bought a knobbly granite ring for 115 gold pieces
   436 | D        | Bought a curved glowing staff for 276 gold pieces
   455 | D        | Found an opulent altar of Gozag.
   455 | D        | Found an iron altar of Okawaru.
   456 | D        | Found a blossoming altar of Fedhas.
   456 | D        | Found a sparkling altar of Nemelex Xobeh.
   457 | D        | Found a white marble altar of Elyvilon.
   457 | D        | Found a burning altar of Makhleb.
   457 | D        | Found a radiant altar of Vehumet.
   458 | D        | Found a shadowy altar of Dithmenos.
   458 | D        | Found a corrupted altar of Lugonu.
   458 | D        | Found a hide-covered altar of Uskayaw.
   459 | D        | Found a snail-covered altar of Cheibriados.
   459 | D        | Found an ancient bone altar of Kikubaaqudgha.
   459 | D        | Found a bloodstained altar of Trog.
   460 | D        | Found a viscous altar of Jiyva.
   460 | D        | Found a shimmering blue altar of Sif Muna.
   461 | D        | Found a hazy altar of Hepliaklqana.
   461 | D        | Found a sacrificial altar of Ru.
   462 | D        | Found a shimmering altar of Xom.
   463 | D        | Found a stormy altar of Qazlal.
   463 | D        | Found an ornate altar of the Wu Jian Council.
   463 | D        | Found a basalt altar of Yredelemnul.
   463 | D        | Found a glowing golden altar of the Shining One.
   463 | D        | Noticed a hornet
   463 | D        | Noticed a polar bear
   464 | D        | Found a glowing silver altar of Zin.
   464 | D        | Noticed a yaktaur
   464 | D        | Noticed a polar bear
   466 | D        | Noticed a polar bear
   473 | D        | Became a worshipper of Vehumet
   525 | D        | Shot with a bolt by a yaktaur

Illustrated notes

Levels and vault maps discovered:
D:        the_violet_keep_of_menkaure [sprint2_stairs_cluster_1,
          sprint2_shoproom, sprint2_temple, sprint2_basic_supplies,
          sprint2_obstacle_7, sprint2_obstacle_2, sprint2_obstacle_5,
          sprint2_obstacle_6, sprint2_obstacle_3, sprint2_timed_cluster_1,
          sprint2_smallroom_cluster_1, sprint2_smallroom_final_cluster_1,
          sprint2_transparent_cluster_1, sprint2_second_timed_cluster_1,
          sprint2_sniper_area_1, sprint2_heavy_combat_area_1,
          sprint2_mutation_trap_area_1, sprint2_forest_area_1,
          sprint2_light_combat_area_1, sprint2_behind_water_1,
          sprint2_near_end_vault_1]

Skill      XL: |  1  2  3  4  5  6  7 |
---------------+----------------------+-----
Dodging        | 5 |  5.9
Stealth        | 4 |  4.9
Spellcasting   | 9 10 11 | 11.0
Conjurations   | 4 5 6 |  6.3
Fire Magic     | 11 12 13 | 13.1
Fighting       | |  0.2

Action                   |  1- 3 |  4- 6 |  7- 9 || total
-------------------------+-------+-------+-------++-------
 Cast: Foxfire           |    19 |       |     3 ||    22
       Flame Wave        |       |     2 |     4 ||     6
       Scorch            |       |       |     1 ||     1
  Use: Potion            |     4 |       |     2 ||     6
Dodge: Dodged            |     2 |       |     1 ||     3

Table legend: (Time is in decaauts)
 A = Elapsed time spent in this place.
 B = Non-inter-level travel time spent in this place.
 C = Inter-level travel time spent in this place.
 D = Time resting spent in this place.
 E = Time spent auto-exploring this place.
 F = Levels seen in this place.
 G = Mean time per level.
                   A        B        C        D        E       F      G
               +--------+--------+--------+--------+--------+-----+--------+
         Total |    521 |    521 |      0 |    282 |      0 |   1 |  521.0 |
       Dungeon |    521 |    521 |      0 |    282 |      0 |   1 |  521.0 |
               +--------+--------+--------+--------+--------+-----+--------+

Top non-repeatable levels by time:
       D: 521 daAuts
